 Dungeon Crawl Stone Soup version 0.31-a0-271-gb88eb75e06 (webtiles) character file.

Game seed: 11325153301034186235

183020 howech the Slayer (level 17, -5/273 HPs)
             Began as a Minotaur Berserker on July 13, 2023.
             Was the Champion of Trog.
             Killed from afar by a nagaraja (10 damage)
             ... with a bolt of poison
             ... on level 4 of the Snake Pit on July 14, 2023.
             The game lasted 02:23:36 (42644 turns).

howech the Slayer (Minotaur Berserker)             Turns: 42644, Time: 02:23:36

Health: -5/273     AC: 18    Str: 25    XL:     17   Next: 73%
Magic:  16/16      EV: 11    Int:  8    God:    Trog [******]
Gold:   2245       SH: 22    Dex: 11    Spells: 16/16 levels left

rFire   . . .        a - +0 broad axe (spect)
rCold   + + .        T - +2 tower shield {rC+}
rNeg    . . .        O - +1 plate armour {rC+}
rPois   +            (helmet restricted)
rElec   .            s - +1 cloak {Stlth+}
rCorr   .            (no gloves)
SInv    .            (no boots)
Will    +....        Z - amulet of reflection Stlth
                     b - +5 ring of evasion
HPRegen 0.65/turn    r - ring of poison resistance
MPRegen 0.15/turn

%: reflection
@: berserking, lethally poisoned (-5 -> -27), untranslocatable, constricted,
studying Dodging, very quick
A: horns 2, retaliatory headbutt
a: Renounce Religion, Berserk, Trog's Hand, Brothers in Arms


You were on level 4 of the Snake Pit.
You worshipped Trog.
Trog was exalted by your worship.
You visited 4 branches of the dungeon, and saw 26 of its levels.

You collected 3514 gold pieces.
You spent 1269 gold pieces at shops.

Inventory:

Hand Weapons
 a - a +0 spectral broad axe (weapon)
 d - a +1 hand axe of flaming
 W - a +3 heavy broad axe
Missiles
 k - 22 boomerangs (quivered)
 q - 17 poisoned darts
 x - 5 curare-tipped darts
 C - a throwing net
 M - 7 silver javelins
 R - 6 silver boomerangs
 U - 5 atropa-tipped darts
Armour
 s - a +1 cloak of stealth (worn)
 O - a +1 plate armour of cold resistance (worn)
 P - a +1 kite shield of reflection
 T - a +2 tower shield of cold resistance (worn)
Jewellery
 b - a +5 ring of evasion (left hand)
 p - a +4 ring of protection
 r - a ring of poison resistance (right hand)
 y - a ring of protection from cold
 z - a ring of positive energy
 N - a +4 ring of slaying
 Q - an amulet of the acrobat
 Z - an amulet of reflection (around neck)
Wands
 v - a wand of paralysis (16)
 w - a wand of mindburst (7)
 D - a wand of digging (11)
 E - a wand of polymorph (1)
 F - a wand of light (19)
 G - a wand of flame (40)
 H - a wand of roots (23)
Scrolls
 g - 7 scrolls of enchant armour
 h - 5 scrolls of fog
 i - 3 scrolls of summoning
 j - 4 scrolls of identify
 m - a scroll of fear
 o - 15 scrolls of teleportation
 t - 6 scrolls of immolation
 u - 8 scrolls of enchant weapon
 I - a scroll of revelation
 K - 4 scrolls of blinking
Potions
 c - 6 potions of resistance
 e - a potion of berserk rage
 f - 14 potions of curing
 l - 8 potions of heal wounds
 n - 6 potions of might
 A - a potion of lignification
 B - 4 potions of haste
 J - a potion of cancellation
 V - a potion of ambrosia
 X - 2 potions of enlightenment
 Y - a potion of invisibility
Miscellaneous
 L - a condenser vane
 S - a lightning rod (4/4)


   Skills:
 + Level 24.1 Fighting
 - Level 20.0 Axes
 - Level 5.0 Throwing
 + Level 10.8 Armour
 + Level 11.3 Dodging
 - Level 10.0 Shields
 + Level 10.4 Evocations


You had 16 spell levels left.
You didn't know any spells.
Your spell library was empty.

Dungeon Overview and Level Annotations

Branches:
Dungeon (15/15)            Temple (0/1) D:4            Lair (5/5) D:10
 Shoals (0/4) Lair:3        Snake (4/4) Lair:2        Slime (0/5) Lair:5
    Orc (2/2) D:12            Elf (0/3) Orc:2        Vaults (0/5) D:14
 Depths (0/4) D:15

Altars:
Dithmenos
Elyvilon
Fedhas
Ru
Sif Muna
Wu Jian
Jiyva

Shops:
D:9 *   Orc:2 =?*[[:?   Snake:3 *

Annotations:
D:10 4 runed translucent doors
Lair:1 1 runed translucent door, SirDiesAlot's ghost, journeyman OpVM
Lair:5 exclusion: oklob plant
Orc:2 exclusion: 3 doors


Innate Abilities, Weirdness & Mutations

You have a pair of horns on your head.
You reflexively headbutt those who attack you in melee.


Message History

The nagaraja hits you with a +0 halberd!
* * * LOW HITPOINT WARNING * * *
You block the nagaraja's attack.
The nagaraja gestures at you while chanting.
You barely resist.
The nagaraja hits you but does no damage.
The nagaraja grabs you. The nagaraja constricts you.
Things that are here:
a +0 scimitar; a +0 robe You slash the naga ritualist!
You headbutt the naga ritualist.
The naga ritualist is heavily wounded.
You closely miss the nagaraja.
Your +0 spectral broad axe hits the naga ritualist!
Your +0 spectral broad axe hits the nagaraja!
You feel sick. You block the nagaraja's attack.
You block the naga ritualist's attack. The nagaraja casts a spell at you.
The bolt of poison misses you. The nagaraja constricts you.
* * * LOW HITPOINT WARNING * * *
A red film seems to cover your vision as you go berserk!
You feel yourself moving faster!
You feel mighty!
Your +0 spectral broad axe disappears.
You feel sick.
The nagaraja points at you and mumbles some strange words.
The bolt of poison hits you.
You are more poisoned.
You resist.
* * * LOW HITPOINT WARNING * * *
The nagaraja points at you and mumbles some strange words.
The poison arrow hits you!
You are lethally poisoned!
You partially resist.
* * * LOW HITPOINT WARNING * * *
The nagaraja constricts you.
* * * LOW HITPOINT WARNING * * *
The naga ritualist mumbles some strange prayers to its god against you.
You resist with some effort.
The nagaraja points at you and mumbles some strange words.
The bolt of poison hits you! You resist.
You die...

#......)...### ....#.
##.........## N..... #'...<..[).#
.... ## ##....[....#### #..
.#######...)........# ###.
.#.#.#.#.#.#.#......# ##...
....................# #....
.#.#.#.#.#.#.#N.)...# #..#N
.....).)..<.....@N..# #....
.#.#.#)#.#.#.#.)N...# #....
....................# #..S.
.#.#.#.#.#.#.#.....[############S
######...#...#....<)N[N[.....N...
#...'...#....[.[............
##..#...#........))[........
#..#...#.......##..........
####.+...#.....######).......


You could see 2 nagarajas and 2 naga ritualists.

Vanquished Creatures
  Vashnia (Snake:2)
  Rupert (Lair:5)
  Agnes (Snake:4)
  4 nagarajas
  Louise (Snake:4)
  The ghost of Haugobec the Bludgeoner, a journeyman MiBe of Trog (D:13)
  The ghost of MrSquiggles the Spear-Bearer, a journeyman MiFi of Okawaru (Lair:5)
  Nessos (D:14)
  5 dire elephants (Lair:5)
  A fire dragon (D:10)
  2 salamander tyrants (Snake:4)
  A death knight (D:15)
  3 hydras
  5 anacondas
  8 boulder beetles
  An ogre mage (Orc:1)
  3 centaur warriors
  9 two-headed ogres
  5 tengu warriors
  9 death yaks
  18 naga sharpshooters
  17 naga warriors
  A vampire mage (D:15)
  Sonja (Lair:3)
  6 shock serpents
  The ghost of Leavold the Cleaver, a novice MiBe of Trog (D:8)
  Urug (D:10)
  A spectral death yak (Lair:5)
  8 sea snakes (Snake:2)
  7 skeletal warriors
  3 salamander mystics (Snake:4)
  A spectral anaconda (Lair:5)
  An obsidian statue (Lair:5)
  A shadow dragon zombie (D:15)
  4 necromancers
  9 naga ritualists
  2 deep elf pyromancers
  2 orc knights
  9 mana vipers
  7 orc sorcerers (Orc:2)
  18 ugly things
  A stone giant zombie (D:15)
  14 salamanders
  A frost giant zombie (D:15)
  2 manticores
  19 elephants
  9 cyclopes
  A sphinx skeleton (D:15)
  3 guardian serpents
  A dire elephant zombie (Lair:5)
  17 naga magi
  2 gargoyles
  43 black mambas
  A torpor snail (Lair:4)
  Maggie (Lair:1)
  8 cane toads
  Psyche (D:10)
  4 rime drakes (Lair:5)
  10 komodo dragons
  3 tengu conjurers
  A freezing wraith (D:15)
  2 guardian mummies (D:15)
  A hornet (shapeshifter) (D:14)
  3 meliai (D:13)
  2 polar bears (Lair:5)
  5 trolls
  A tarantella (shapeshifter) (D:14)
  2 hornets
  A snapping turtle (Lair:3)
  20 blink frogs
  10 slime creatures
  A centaur simulacrum (D:15)
  2 shadows
  A culicivora (shapeshifter) (D:15)
  A vampire (D:10)
  A water elemental (D:12)
  4 wraiths
  48 yaks
  A dire elephant simulacrum (Lair:5)
  16 humans (D:14)
  3 wyverns
  5 vampire mosquitoes
  6 basilisks
  Grum (Lair:1)
  A catoblepas simulacrum (Lair:5)
  3 death yak simulacra (Lair:5)
  2 spectral cane toads (Lair:5)
  49 nagas
  2 acid dragons
  6 wargs
  21 water moccasins
  A hydra simulacrum (Lair:5)
  23 orc warriors
  2 ice beasts (D:5)
  2 elephant zombies (Lair:5)
  6 black bears
  11 ogres
  24 wolves
  6 centaurs
  A black mamba simulacrum (Lair:5)
  2 elephant skeletons (Lair:5)
  Blork the orc (D:5)
  A kobold brigand (D:8)
  9 bullfrogs
  2 cane toad simulacra (Lair:5)
  4 scorpions
  14 wights
  2 elephant simulacra (Lair:5)
  9 killer bees (D:8)
  5 howler monkeys
  16 electric eels
  A rime drake simulacrum (Lair:5)
  A komodo dragon simulacrum (Lair:5)
  15 orc priests
  9 hounds
  A gnoll bouda (D:7)
  3 iguanas
  49 orc wizards
  The ghost of SirDiesAlot the Stinger, a weakling OpVM (D:5)
  5 gnolls (D:7)
  9 adders
  A shadow imp (D:6)
  A white imp (D:6)
  An ufetubus (D:4)
  A worm (D:2)
  3 dart slugs
  104 orcs
  4 bats
  6 endoplasms
  6 giant cockroaches
  9 goblins
  7 hobgoblins
  10 jackals
  4 quokkas
  3 ball pythons
  5 frilled lizards
  7 kobolds
  3 rats
  A butterfly (D:4)
955 creatures vanquished.

Vanquished Creatures (collateral kills)
  A hydra (Lair:2)
1 creature vanquished.

Vanquished Creatures (others)
  A naga (Snake:1)
  An orc priest (D:12)
  An orc (D:12)
  9 spectral weapons
12 creatures vanquished.

Grand Total: 968 creatures vanquished

Notes
Turn   | Place    | Note
-------+----------+-------------------------------------------
     0 | D:1      | howech the Minotaur Berserker began the quest for the Orb.
     0 | D:1      | Reached XP level 1. HP: 19/19 MP: 0/0
   162 | D:1      | Reached XP level 2. HP: 27/27 MP: 1/1
   660 | D:1      | Reached skill level 1 in Shields
   660 | D:1      | Reached XP level 3. HP: 33/33 MP: 2/2
   881 | D:2      | Reached ** piety under Trog
  1207 | D:2      | Found a faded altar of an unknown god.
  1544 | D:3      | Reached skill level 1 in Throwing
  1544 | D:3      | Reached skill level 1 in Evocations
  1549 | D:3      | Reached skill level 4 in Fighting
  1630 | D:3      | Reached XP level 4. HP: 40/40 MP: 3/3
  2403 | D:4      | Found a staircase to the Ecumenical Temple.
  2455 | D:4      | Noticed an ogre
  2456 | D:4      | Noticed a scorpion
  2476 | D:4      | Killed a scorpion
  2477 | D:4      | Reached XP level 5. HP: 47/47 MP: 4/4
  2479 | D:4      | Killed an ogre
  2480 | D:4      | Reached skill level 5 in Axes
  2558 | D:4      | Reached XP level 6. HP: 41/53 MP: 5/5
  2919 | D:5      | Entered Level 5 of the Dungeon
  2948 | D:5      | Noticed Blork the orc
  2955 | D:5      | Killed Blork the orc
  2956 | D:5      | Reached XP level 7. HP: 60/60 MP: 6/6
  3184 | D:5      | Found a transporter.
  3190 | D:5      | Noticed SirDiesAlot's ghost (weakling OpVM)
  3201 | D:5      | Found a transporter.
  3225 | D:5      | Reached skill level 5 in Fighting
  3814 | D:5      | Identified the +0 ring mail of Noughts and Crosses {+Inv
                  | MP-9 Int+3 Dex+3}
  4094 | D:6      | Reached *** piety under Trog
  4168 | D:6      | Reached XP level 8. HP: 50/69 MP: 7/7
  4241 | D:6      | Found a shadowy altar of Dithmenos.
  4625 | D:6      | Reached skill level 5 in Armour
  4820 | D:6      | Reached skill level 6 in Fighting
  5565 | D:7      | Found a shimmering blue altar of Sif Muna.
  5687 | D:7      | Noticed a gargoyle
  5702 | D:7      | Killed a gargoyle
  5703 | D:7      | Reached skill level 5 in Dodging
  5703 | D:7      | Reached skill level 5 in Shields
  5703 | D:7      | Reached XP level 9. HP: 78/78 MP: 8/8
  6364 | D:8      | Reached skill level 7 in Fighting
  6369 | D:8      | Reached skill level 5 in Throwing
  6405 | D:8      | Reached skill level 10 in Axes
  6543 | D:8      | Reached XP level 10. HP: 88/88 MP: 9/9
  6544 | D:8      | Reached skill level 5 in Evocations
  6612 | D:8      | Found a runed translucent gate.
  6612 | D:8      | Found a runed translucent gate.
  6614 | D:8      | Found a runed translucent gate.
  6617 | D:8      | Noticed Leavold's ghost (novice MiBe)
  6695 | D:8      | Reached skill level 8 in Fighting
  6909 | D:8      | Reached **** piety under Trog
  6945 | D:8      | Reached skill level 9 in Fighting
  7569 | D:9      | Found Cihoso's Gadget Gallery.
  7973 | D:10     | Entered Level 10 of the Dungeon
  8077 | D:10     | Found a staircase to the Lair.
  8318 | D:10     | Found a large runed translucent door.
  8319 | D:10     | Found a large runed translucent door.
  8325 | D:10     | Found a large runed translucent door.
  8325 | D:10     | Found a large runed translucent door.
  8326 | D:10     | Noticed an ogre mage
  8326 | D:10     | Noticed an orc knight
  8371 | D:10     | Noticed Urug
  8386 | D:10     | Killed Urug
  8387 | D:10     | Reached skill level 10 in Fighting
  8489 | D:10     | Found a blossoming altar of Fedhas.
  8605 | D:10     | Noticed a fire dragon
  8619 | D:10     | Killed a fire dragon
  8620 | D:10     | Reached XP level 11. HP: 64/100 MP: 10/10
  8823 | D:10     | Noticed Psyche
  8840 | D:10     | Killed Psyche
  9559 | D:5      | Killed SirDiesAlot's ghost
  9753 | Lair:1   | Entered Level 1 of the Lair of Beasts
  9992 | Lair:1   | Reached skill level 11 in Fighting
 10213 | Lair:1   | Noticed Grum
 10222 | Lair:1   | Reached skill level 15 in Axes
 10227 | Lair:1   | Killed Grum
 10865 | Lair:1   | Found a runed translucent door.
 10868 | Lair:1   | Noticed a spriggan rider
 10868 | Lair:1   | Noticed SirDiesAlot's ghost (journeyman OpVM)
 11150 | Lair:1   | Noticed Maggie
 11198 | Lair:1   | Killed Maggie
 11199 | Lair:1   | Reached skill level 12 in Fighting
 11387 | Lair:1   | Identified the +1 spear "Xutom" {elec, Dex+2}
 11625 | Lair:2   | Noticed a five-headed hydra
 11683 | Lair:2   | Reached XP level 12. HP: 112/112 MP: 11/11
 11698 | Lair:2   | Killed a five-headed hydra
 11909 | Lair:2   | Found a staircase to the Snake Pit.
 12636 | Lair:2   | Identified the +0 short sword of Destiny {flame, Dex+4}
 13327 | Lair:3   | Found a staircase to the Shoals.
 13625 | Lair:3   | Noticed Sonja
 13652 | Lair:3   | Killed Sonja
 13712 | Lair:3   | Noticed a death yak
 13714 | Lair:3   | Noticed a death yak
 13718 | Lair:3   | Noticed a death yak
 13720 | Lair:3   | Noticed a death yak
 13723 | Lair:3   | Noticed a death yak
 13731 | Lair:3   | Killed a death yak
 13732 | Lair:3   | Killed a death yak
 13745 | Lair:3   | Killed a death yak
 13760 | Lair:3   | Killed a death yak
 13770 | Lair:3   | Killed a death yak
 14183 | Lair:3   | Noticed an eight-headed hydra
 14197 | Lair:3   | Killed a 12-headed hydra
 15023 | Lair:4   | Noticed a boulder beetle
 15037 | Lair:4   | Killed a boulder beetle
 15038 | Lair:4   | Reached skill level 13 in Fighting
 15146 | Lair:4   | Noticed a boulder beetle
 15174 | Lair:4   | Reached XP level 13. HP: 111/122 MP: 12/12
 17014 | Lair:5   | Entered Level 5 of the Lair of Beasts
 17113 | Lair:5   | Found a runed translucent gate.
 17113 | Lair:5   | Found a runed translucent gate.
 17113 | Lair:5   | Found a runed translucent gate.
 17804 | Lair:5   | Found a viscous altar of Jiyva.
 17805 | Lair:5   | Noticed Rupert
 17829 | Lair:5   | Killed Rupert
 19062 | Lair:5   | Noticed MrSquiggles's ghost (journeyman MiFi)
 19138 | Lair:5   | Noticed a dire elephant
 19138 | Lair:5   | Noticed a dire elephant
 19138 | Lair:5   | Noticed a dire elephant
 19138 | Lair:5   | Noticed a dire elephant
 19138 | Lair:5   | Noticed a dire elephant
 19154 | Lair:5   | Killed a dire elephant
 19155 | Lair:5   | Reached XP level 14. HP: 109/130 MP: 13/13
 19361 | Lair:5   | Reached skill level 14 in Fighting
 19943 | Lair:5   | HP: 1/125 [necromancer/bolt of negative energy (19)]
 20728 | Lair:5   | Identified the amulet "Xukhuod" {Faith rC+}
 21191 | Lair:5   | Killed MrSquiggles's ghost
 21547 | Lair:5   | Got the ring "Geipheof" {Fire rN+ MP+9 Str-5 Dex+3}
 22253 | D:8      | Killed Leavold's ghost
 23131 | D:11     | Reached skill level 10 in Armour
 24882 | D:12     | Reached skill level 10 in Shields
 24981 | D:12     | Found a staircase to the Orcish Mines.
 25157 | D:12     | Reached ***** piety under Trog
 25212 | Orc:1    | Entered Level 1 of the Orcish Mines
 25365 | Orc:1    | Reached XP level 15. HP: 108/139 MP: 14/14
 25649 | Orc:2    | Entered Level 2 of the Orcish Mines
 25784 | Orc:2    | Reached skill level 15 in Fighting
 25888 | Orc:2    | Paralysed by an orc sorcerer for 2 turns
 25899 | Orc:2    | Received a gift from Trog
 26025 | Orc:2    | Found Giugruf's Book Shop.
 26148 | Orc:2    | Found Yravod's Magic Scroll Shoppe.
 26150 | Orc:2    | Paralysed by an orc sorcerer for 3 turns
 26174 | Orc:2    | Bought a scroll of identify for 22 gold pieces
 26174 | Orc:2    | Bought a scroll of identify for 22 gold pieces
 26174 | Orc:2    | Bought a scroll of acquirement for 572 gold pieces
 26174 | Orc:2    | Bought a scroll of identify for 22 gold pieces
 26178 | Orc:2    | Acquired 768 gold pieces
 26282 | Orc:2    | Found Juconle's Armour Shop.
 26307 | Orc:2    | Found Hamnah's Armour Shoppe.
 26807 | Orc:2    | Found Pilostra's Assorted Antiques.
 26821 | Orc:2    | Bought 3 scrolls of identify for 120 gold pieces
 26830 | Orc:2    | Found Bigagunwo's Magic Scroll Shop.
 26838 | Orc:2    | Received a gift from Trog
 26875 | Orc:2    | Found Rienog's Jewellery Shoppe.
 26879 | Orc:2    | Bought a ring of poison resistance for 280 gold pieces
 26904 | Orc:2    | Found a staircase to the Elven Halls.
 27163 | Orc:1    | Reached skill level 10 in Dodging
 27481 | D:13     | Found a runed translucent door.
 27482 | D:13     | Noticed Haugobec's ghost (journeyman MiBe)
 27556 | D:13     | Killed Haugobec's ghost
 29197 | D:13     | Upgraded the game from 0.31-a0-263-ge8cad7f256 to
                  | 0.31-a0-271-gb88eb75e06
 29206 | D:14     | Noticed Nessos
 29206 | D:14     | Found a gate to the Vaults.
 29216 | D:14     | Reached skill level 16 in Fighting
 29222 | D:14     | Killed Nessos
 29263 | D:14     | You fall into a shaft and drop 1 floor!
 29263 | D:15     | Entered Level 15 of the Dungeon
 29439 | D:15     | Reached skill level 10 in Evocations
 29555 | D:15     | Received a gift from Trog
 29968 | D:15     | Found a staircase to the Depths.
 29985 | D:15     | Reached skill level 17 in Fighting
 30311 | D:15     | Found an ornate altar of the Wu Jian Council.
 31238 | D:15     | Identified the +1 robe "Xaonogub" {Drain rPois rCorr Str+6}
 31402 | D:15     | Reached skill level 18 in Fighting
 31503 | D:15     | Found a sacrificial altar of Ru.
 31961 | D:15     | Reached XP level 16. HP: 149/158 MP: 15/15
 32776 | Snake:1  | Entered Level 1 of the Snake Pit
 32780 | Snake:1  | Reached skill level 19 in Fighting
 33475 | Snake:1  | Reached skill level 20 in Fighting
 35067 | Snake:2  | Reached skill level 21 in Fighting
 35412 | Snake:2  | Received a gift from Trog
 36821 | Snake:2  | Noticed Vashnia
 36847 | Snake:2  | Killed Vashnia
 36848 | Snake:2  | Reached skill level 22 in Fighting
 37157 | Snake:3  | Found a white marble altar of Elyvilon.
 37240 | Snake:3  | Found Pysarath's Assorted Antiques.
 37244 | Snake:3  | Bought a glowing broad axe for 231 gold pieces
 37422 | Snake:3  | Reached XP level 17. HP: 165/178 MP: 16/16
 38437 | Snake:4  | Entered Level 4 of the Snake Pit
 38746 | Snake:4  | Noticed Agnes
 38758 | Snake:4  | Killed Agnes
 38759 | Snake:4  | Reached skill level 23 in Fighting
 39198 | Snake:4  | Noticed Louise
 39210 | Snake:4  | Killed Louise
 39576 | Snake:4  | Reached ****** piety under Trog
 39577 | Snake:4  | Received a gift from Trog
 40528 | Snake:4  | Acquired a manual of Dodging
 41249 | Snake:4  | Reached skill level 24 in Fighting
 42644 | Snake:4  | HP: 8/273 [nagaraja/poison arrow (14)]
 42644 | Snake:4  | Killed from afar by a nagaraja

Illustrated notes

Levels and vault maps discovered:
D:1:      dpeg_arrival_orchard, layout_loops_ring, minmay_misc_feat_iff
D:2:      layout_rooms, dilly_ecumenical_altar_fadedgnrine
D:3:      layout_loops_cross
D:4:      layout_basic, minmay_temple_entry_butterflies
D:5:      layout_basic, gammafunk_ghost_arena, minmay_misc_feat_tower,
          uniq_blork_the_orc
D:6:      layout_cave_pods, mainiacjoe_overflow_24_doors
D:7:      layout_cave_pods, mainiacjoe_overflow_brackets
D:8:      layout_rooms, biasface_ghost_orc_armoury, minivault_26,
          nicolae_figureground_pulse
D:9:      layout_roguey, nicolae_shop_gadgets
D:10:     layout_basic, fedhas_altar_1, lair_entry_dummy,
          minmay_hollow_rounded_squares, uniq_psyche, uniq_urug
D:11:     layout_loops_ring
D:12:     layout_roguey, erik_orc_2
D:13:     layout_irregular_city, gammafunk_ghost_grave, lemuel_flamethrower_hall
D:14:     layout_cave_pools, david_vaults_3
D:15:     gammafunk_depths_entry_grave, layout_loops_cross,
          nicolae_ru_path_of_blood, nzn_wu_jian_council_hall
Lair:1:   layout_roguey, ebering_ghost_funeral_grove, uniq_maggie, uniq_grum
Lair:2:   layout_misc_corridors, minmay_snake_entry_six_corridors, minivault_11,
          infiniplex_staircase_pool
Lair:3:   layout_hall_layers, minmay_shoals_entry_hut, serial_rivers,
          chequers_serial_rivers_large_a, chequers_serial_rivers_room_b,
          chequers_serial_rivers_room_b, chequers_serial_rivers_micro_d,
          chequers_serial_rivers_micro_e, chequers_serial_rivers_small_3,
          grunt_megastairs_5, uniq_sonja
Lair:4:   layout_gridlike, lemuel_fruit_fields
Lair:5:   due_jungle_book, layout_cellular_growth,
          minmay_slime_entry_oklob_enclosed, gammafunk_ghost_icy,
          serial_bayou_shore_a, uniq_rupert
Snake:1:  layout_layer_cave, drop_trap
Snake:2:  layout_gridlike, serial_bayou, serial_bayou_pond_b,
          serial_bayou_lagoon_b, serial_bayou_lagoon_a, serial_bayou_pond_d,
          nicolae_snake_slithery_hallway, uniq_vashnia
Snake:3:  layout_cave_pods, basic_altar, minmay_shop_star
Snake:4:  snake_pit, layout_cave_town, st_stairs_12,
          nicolae_snake_gridmaze_squiggle, hangedman_snake_corridor_split,
          uniq_louise, uniq_agnes
Orc:1:    layout_diamond_mine, basic_altar
Orc:2:    st_orc_town, layout_diamond_mine, serial_shops, shop, shop,
          nicolae_shop_tiny_statue_garden, minmay_orc_keep

Skill      XL: |  1  2  3  4  5  6  7  8  9 10 11 12 13 14 15 16 17 |
---------------+----------------------------------------------------+-----
Axes           | 4 5 6 8 10 13 16 17 18 19 20 | 20.0
Shields        | 1 2 3 5 7 8 10 | 10.0
Throwing       | 1 2 4 5 |  5.0
Evocations     | 1 2 3 4 5 6 7 8 10 | 10.4
Fighting       | 4 5 6 7 10 12 13 14 18 22 24 | 24.1
Armour         | 3 4 5 7 8 10 | 10.8
Dodging        | 3 4 5 6 8 9 10 11 | 11.3

Action                     |  1- 3 |  4- 6 |  7- 9 | 10-12 | 13-15 | 16-18 || total
---------------------------+-------+-------+-------+-------+-------+-------++-------
  Melee: Hand axe          |   127 |   107 |   289 |   272 |       |       ||   795
         Headbutt          |    20 |    19 |    52 |   161 |   320 |   194 ||   766
         Punch             |     1 |     1 |     4 |    10 |    14 |       ||    30
         War axe           |       |       |       |   372 |   279 |       ||   651
         Broad axe         |       |       |       |       |   927 |   666 ||  1593
  Throw: Dart              |       |     3 |     8 |    32 |    20 |       ||    63
         Throwing net      |       |       |       |     1 |       |       ||     1
         Boomerang         |       |       |       |       |    61 |    61 ||   122
 Invoke: Trog's Hand       |     1 |     3 |     8 |    12 |    17 |     6 ||    47
         Berserk           |       |     1 |     3 |    10 |    19 |     4 ||    37
         Brothers in Arms  |       |       |       |     1 |     1 |       ||     2
  Evoke: Wand              |       |       |       |    14 |    13 |    12 ||    39
    Use: Scroll            |       |       |       |       |    27 |     4 ||    31
         Potion            |       |       |       |       |     1 |     1 ||     2
   Stab: Distracted        |       |       |       |       |     6 |    11 ||    17
         Paralysed         |       |       |       |       |       |     2 ||     2
 Armour: Animal skin       |     6 |       |       |       |       |       ||     6
         Leather armour    |     7 |       |       |       |       |       ||     7
         Scale mail        |    25 |    46 |    76 |    22 |       |       ||   169
         Plate armour      |       |       |       |   182 |   357 |   122 ||   661
  Dodge: Dodged            |    69 |    81 |   214 |   358 |   588 |   232 ||  1542
  Block: Kite shield       |       |       |       |       |   222 |   254 ||   476
         Reflection        |       |       |       |       |     5 |   159 ||   164
         Tower shield      |       |       |       |       |       |   424 ||   424

Table legend: (Time is in decaauts)
 A = Elapsed time spent in this place.
 B = Non-inter-level travel time spent in this place.
 C = Inter-level travel time spent in this place.
 D = Time resting spent in this place.
 E = Time spent auto-exploring this place.
 F = Levels seen in this place.
 G = Mean time per level.
                   A        B        C        D        E       F      G
               +--------+--------+--------+--------+--------+-----+--------+
         Total |  42472 |  40353 |   2119 |  15750 |  16779 |  26 | 1633.5 |
       Dungeon |  18144 |  16892 |   1252 |   4671 |   9006 |  15 | 1209.6 |
          Lair |  12391 |  11937 |    454 |   5983 |   3762 |   5 | 2478.2 |
     Snake Pit |   9845 |   9675 |    170 |   4841 |   2809 |   4 | 2461.2 |
  Orcish Mines |   2092 |   1851 |    241 |    255 |   1201 |   2 | 1046.0 |
               +--------+--------+--------+--------+--------+-----+--------+

Top non-repeatable levels by time:
  Lair:5: 4801 daAuts
 Snake:3: 3098 daAuts
    D:15: 2728 daAuts
 Snake:4: 2432 daAuts
 Snake:2: 2393 daAuts
  Lair:4: 2193 daAuts
  Lair:1: 2042 daAuts
  Lair:3: 1984 daAuts
 Snake:1: 1920 daAuts
    D:12: 1891 daAuts
    D:13: 1881 daAuts
     D:6: 1610 daAuts
   Orc:2: 1456 daAuts
  Lair:2: 1369 daAuts
    D:10: 1313 daAuts
